 Dungeon Crawl Stone Soup version 0.28-a0-239-g68911e0c57 (webtiles) character file.

Game seed: 6130303923266422782

298 rabbitsville the Conjurer (level 6, 0/54 HPs)
             Began as an Octopode Conjurer on Aug 23, 2021.
             Slain by a lemure (9 damage)
             ... led by Pikel
             ... on level 4 of the Dungeon.
             The game lasted 00:28:58 (4300 turns).

rabbitsville the Conjurer (Octopode Conjurer)       Turns: 4300, Time: 00:28:58

Health: 0/54       AC:  1    Str:  6    XL:     6   Next: 35%
Magic:  1/9        EV: 13    Int: 23    God:
Gold:   174        SH:  0    Dex: 16    Spells: 7/10 levels left

rFire   . . .      SeeInvis .   a - +0 spear
rCold   . . .      Faith    .   (no shield)
rNeg    + . .      Spirit   .   (helmet restricted)
rPois   .          Reflect  .   s - amulet of regeneration
rElec   .          Harm     .   f - +6 ring of dexterity
rCorr   .          Rampage  .   j - ring of positive energy
Will    .....                   (no ring)
Stlth   ..........              (no ring)
HPRegen 1.18/turn               (no ring)
MPRegen 0.11/turn               (no ring)
                                (no ring)
                                (no ring)

@: berserking, very quick
A: almost no armour, amphibious, 8 rings, camouflage 1, gelatinous body 1,
(nimble swimmer 1), tentacles
a: no special abilities


You were on level 4 of the Dungeon.
You visited 1 branch of the dungeon, and saw 4 of its levels.

You collected 174 gold pieces.

Inventory:

Hand Weapons
 a - a +0 spear (weapon)
Missiles
 u - 105 stones
Magical Staves
 m - a staff of cold
Jewellery
 f - a +6 ring of dexterity (left tentacle)
 j - a ring of positive energy (right tentacle)
 s - an amulet of regeneration (around mantle)
Wands
 o - a wand of charming (6)
 p - a wand of mindburst (8)
 r - a wand of paralysis (10)
Scrolls
 c - 2 scrolls of teleportation {unknown}
 e - a scroll of fear {unknown}
 g - 2 scrolls of amnesia {unknown}
 i - a scroll of immolation {unknown}
 n - 2 scrolls of identify {unknown}
 q - a scroll of brand weapon {unknown}
Potions
 b - a potion of invisibility
 d - a potion of heal wounds {unknown}
 h - a potion of might {unknown}
 k - a potion of berserk rage
 l - a potion of brilliance {unknown}
 t - a potion of curing {unknown}
 v - a potion of resistance


   Skills:
 - Level 2.0 Dodging
 - Level 2.7 Stealth
 - Level 2.5 Spellcasting
 * Level 6.1 Conjurations
 - Level 2.3 Hexes
 + Level 2.2 Transmutations
 * Level 0.0 Earth Magic


You had 7 spell levels left.
You knew the following spells:

 Your Spells              Type           Power      Damage    Failure   Level
a - Magic Dart            Conj           100%       1d8       1%          1
b - Searing Ray           Conj           62%        3d5       1%          2

Your spell library contained the following spells:

 Spells                   Type           Power      Damage    Failure   Level
 Beastly Appendage        Tmut           26%        N/A       4%          1
 Dazzling Flash           Conj/Hex       44%        N/A       6%          3
 Wereblood                Tmut           13%        N/A       8%          2
 Sandblast                Erth           4%         2d4       12%         1
 Passwall                 Tmut/Erth      6%         N/A       12%         2
 Spider Form              Tmut/Pois      4%         N/A       22%         3
 Summon Guardian Golem    Hex/Summ       8%         N/A       22%         3
 Fulminant Prism          Conj/Hex       11%        3d9       22%         4
 Iskenderun's Mystic Bla  Conj/Tloc      17%        2d5       34%         4
 Lee's Rapid Deconstruct  Erth           1%         3d5*      98%         5
 Orb of Destruction       Conj           15%        9d7       100%        7
 Spellforged Servitor     Conj/Summ      8%         N/A       100%        7


Dungeon Overview and Level Annotations

Branches:
Dungeon (4/15)
 Temple: D:4-7

Altars:
Fedhas
Uskayaw

Annotations:
D:4 Pikel, Robin


Innate Abilities, Weirdness & Mutations

You cannot wear most types of armour.
You are amphibious.
You can wear up to eight rings at the same time.
Your skin changes colour to match your surroundings (Stealth+).
Your rubbery body absorbs attacks. (AC +1, EV +1)
((You are camouflaged near water. (Stealth+)))
You have tentacles for arms and can constrict up to eight enemies at once.


Message History

The searing ray hits the lemure!
The lemure is severely wounded.
The searing ray hits the lemure.
The lemure is moderately wounded.
Pikel barely misses you.
A kobold comes into view. It is wielding a +0 dagger.
Casting: Searing Ray (safe; 1% risk of failure)
Confirm with . or Enter, or press ? or * to list all spells.
Restarting spell: Searing Ray (safe; 1% risk of failure)
Press: ? - help, Shift-Dir - straight line, f/p - Pikel
Aim: Pikel, wielding a +2 whip of freezing, wearing a +0 robe and carrying a wand of digging (3) (heavily wounded, 74% to hit)
The searing ray hits Pikel.
Pikel is heavily wounded.
The searing ray hits the lemure.
The lemure is almost dead.
The searing ray misses the lemure. (Press . to maintain the ray.)
The lemure misses you. Pikel closely misses you.
The searing ray hits Pikel but does no damage.
Pikel is heavily wounded.
The searing ray hits the lemure!
You kill the lemure!
That felt strangely unrewarding.
The searing ray hits the lemure!
The lemure is moderately wounded.
Pikel hits you with a +2 whip of freezing!
Pikel freezes you.
The searing ray hits Pikel but does no damage.
Pikel is heavily wounded.
The searing ray hits the lemure.
The lemure is heavily wounded.
The lemure hits you. x2
Pikel hits you with a +2 whip of freezing!
* * * LOW HITPOINT WARNING * * *
Pikel freezes you.
* * * LOW HITPOINT WARNING * * *
It was a potion of berserk rage.
A red film seems to cover your vision as you go berserk!
You feel yourself moving faster!
You feel mighty! The lemure completely misses you. The lemure hits you!
You die...

#.# #.#.......#.# #.#
#.#.#####.#)# #.#
#...#.###.#)# #.#
#...#.....#.# #.#
#...#.##....# #.#
#.#.........#
..######.###.#.#.##...##
...K..55................
#..w.5K@..##.#...##....#
.#.#########.##..#####.#
#.##..# #.# #.###.# #†#
#.# #.## #.# #.# #..#
#.# ##### #.# #..####.#
...# #.# #........
#.#'#.####..###.#


You could see Pikel, 3 lemures, a dart slug and a kobold.

Vanquished Creatures
  A lemure (D:4)
  An orc priest (D:3)
  An iguana (D:3)
  An orc wizard (D:3)
  Ijyb (D:3)
  4 gnolls (D:4)
  5 adders
  A worm (D:2)
  A dart slug (D:3)
  4 orcs
  15 ball pythons
  8 endoplasms
  2 giant cockroaches
  8 hobgoblins
  3 jackals (D:3)
  14 kobolds
  3 quokkas
  5 bats
  2 frilled lizards
  13 goblins
  7 rats
100 creatures vanquished.

Notes
Turn   | Place    | Note
-------+----------+-------------------------------------------
     0 | D:1      | rabbitsville the Octopode Conjurer began the quest for the
                  | Orb.
     0 | D:1      | Reached XP level 1. HP: 11/11 MP: 3/3
   215 | D:1      | Reached XP level 2. HP: 17/17 MP: 0/5
   322 | D:1      | Learned a level 2 spell: Searing Ray
   644 | D:1      | Reached XP level 3. HP: 21/21 MP: 6/6
  1422 | D:2      | Reached skill level 5 in Conjurations
  1422 | D:2      | Reached XP level 4. HP: 27/27 MP: 2/7
  1754 | D:3      | Found a faded altar of an unknown god.
  1763 | D:3      | Reached skill level 1 in Hexes
  2051 | D:3      | Reached skill level 1 in Transmutations
  2060 | D:3      | Reached XP level 5. HP: 13/31 MP: 0/8
  2609 | D:3      | Found a blossoming altar of Fedhas.
  2739 | D:3      | Noticed a +0 spear
  2739 | D:3      | Noticed a +0 dagger
  2739 | D:3      | Noticed a +0 short sword
  2740 | D:3      | Noticed a +0 spear
  2741 | D:3      | Noticed a +0 falchion
  2742 | D:3      | Noticed a +0 dagger
  2742 | D:3      | Noticed a +0 falchion
  2742 | D:3      | Noticed a +0 short sword
  2751 | D:3      | Found a hide-covered altar of Uskayaw.
  3291 | D:3      | Noticed Ijyb
  3305 | D:3      | Killed Ijyb
  3306 | D:3      | Reached XP level 6. HP: 27/36 MP: 1/9
  3589 | D:4      | Noticed Robin
  3621 | D:4      | Reached skill level 6 in Conjurations
  4289 | D:4      | Noticed Pikel
  4300 | D:4      | Slain by a lemure

Illustrated notes

Levels and vault maps discovered:
D:1:      erik_arrival_blinker_ship, layout_rooms
D:2:      mumra_celtic_spiral_tile, layout_basic, minmay_quadrilaterals
D:3:      kennysheep_goblin_castle, layout_rooms, nicolae_uskayaw_en_pointe,
          fedhas_altar_1, shapermc_ecumenical_altar_starsandcircs,
          chequers_serial_rivers_micro_c
D:4:      minmay_wonky_spiral, layout_basic, minmay_manual_mail, uniq_robin,
          uniq_pikel

Skill      XL: |  1  2  3  4  5  6 |
---------------+-------------------+-----
Conjurations   | 5 6 |  6.1
Hexes          | 1 2 |  2.3
Transmutations | 1 2 |  2.2
Dodging        | |  2.0
Stealth        | |  2.7
Spellcasting   | |  2.5

Action                   |  1- 3 |  4- 6 || total
-------------------------+-------+-------++-------
Melee: Spear             |    37 |    71 ||   108
       Constrict         |     6 |    13 ||    19
       Tentacles         |     4 |     9 ||    13
 Fire: Hunting sling     |    13 |       ||    13
 Cast: Magic Dart        |    48 |    55 ||   103
       Searing Ray       |       |    13 ||    13
  Use: Potion            |       |     2 ||     2
Armor: Skin              |     4 |     6 ||    10
Dodge: Dodged            |    17 |    46 ||    63

Table legend: (Time is in decaauts)
 A = Elapsed time spent in this place.
 B = Non-inter-level travel time spent in this place.
 C = Inter-level travel time spent in this place.
 D = Time resting spent in this place.
 E = Time spent auto-exploring this place.
 F = Levels seen in this place.
 G = Mean time per level.
                   A        B        C        D        E       F      G
               +--------+--------+--------+--------+--------+-----+--------+
         Total |   4311 |   4234 |     77 |   1163 |   1343 |   4 | 1077.8 |
       Dungeon |   4311 |   4234 |     77 |   1163 |   1343 |   4 | 1077.8 |
               +--------+--------+--------+--------+--------+-----+--------+

Top non-repeatable levels by time:
     D:3: 1520 daAuts
     D:2: 1231 daAuts
     D:1: 833 daAuts
     D:4: 726 daAuts
